 Dungeon Crawl Stone Soup version 0.31-a0-331-geda263fcf1 (webtiles) character file.

Game seed: 13651012626518963397

18 LeprechaunX the Changeling (level 2, -1/19 HPs)
             Began as an Octopode Shapeshifter on July 19, 2023.
             Slain by a hobgoblin (4 damage)
             ... on level 1 of the Dungeon.
             The game lasted 00:00:24 (252 turns).

LeprechaunX the Changeling (Octopode Shapeshifter)   Turns: 252, Time: 00:00:25

Health: -1/19      AC:  1    Str: 14    XL:     2   Next: 70%
Magic:  2/2        EV: 13    Int: 10    God:
Gold:   27         SH:  0    Dex: 12    Spells: 1/1 levels left

rFire   . .          .
                       - Unarmed
rCold   + . .        (no shield)
rNeg    . . .        (helmet currently unavailable)
rPois   .            (no amulet)
rElec   .            c - ring of protection from cold
rCorr   .            (no ring)
SInv    .            (no ring)
Will    .....        (no ring)
Stlth   ++           (no ring)
HPRegen 0.23/turn    (no ring)
MPRegen 0.08/turn    (no ring)
                     (no ring)

%: no passive effects
@: beast-form
A: beast (slay +2), almost no armour, amphibious, 8 rings, camouflage 1,
gelatinous body 1, (nimble swimmer 1), tentacles
a: Begin Untransformation


You were on level 1 of the Dungeon.
You were a hulking beast.
You visited 1 branch of the dungeon, and saw 1 of its levels.

You collected 27 gold pieces.

Inventory:

Jewellery
 c - a ring of protection from cold (left tentacle)
Talismans
 b - a beast talisman
Potions
 a - a potion of lignification
 d - 2 potions of might {unknown}


   Skills:
 + Level 2.1 Fighting
 + Level 2.2 Dodging
 * Level 2.4 Unarmed Combat
 * Level 3.2 Shapeshifting


You had one spell level left.
You didn't know any spells.
Your spell library was empty.

Dungeon Overview and Level Annotations

Branches:
Dungeon (1/15)

Altars:


Innate Abilities, Weirdness & Mutations

You are a hulking beast.
Your limbs bulge with bestial killing power. (Slay +2)
You cannot wear most types of armour.
You are amphibious.
You can wear up to eight rings at the same time.
Your skin changes colour to match your surroundings (Stealth+).
Your rubbery body absorbs attacks. (AC +1, EV +1)
((You are camouflaged when in or above water. (Stealth+)))
You have tentacles for arms and can constrict up to eight enemies at once.


Message History

You closely miss the ball python. You grab the ball python.
You constrict the ball python. The hobgoblin hits you.
The ball python bites you. The ball python closely misses you.
You tentacle-slap the ball python.
You kill the ball python!
The ball python barely misses you. The ball python grabs you.
The ball python constricts you. The hobgoblin hits you.
The frilled lizard barely misses you. The ball python bites you.
The ball python constricts you.
You are too injured to fight recklessly!
You are too injured to fight recklessly!
You are too injured to fight recklessly!
You are too injured to fight recklessly!
You are too injured to fight recklessly!
You are too injured to fight recklessly!
You are too injured to fight recklessly!
You are too injured to fight recklessly!
You are too injured to fight recklessly!
You are too injured to fight recklessly!
You are too injured to fight recklessly!
You are too injured to fight recklessly!
You are too injured to fight recklessly!
You are too injured to fight recklessly!
You are too injured to fight recklessly!
You are too injured to fight recklessly!
You are too injured to fight recklessly!
You are too injured to fight recklessly!
You are too injured to fight recklessly!
You are too injured to fight recklessly!
Unknown command.
You closely miss the ball python. Your grab misses the ball python.
The hobgoblin barely misses you. The frilled lizard barely misses you.
The ball python bites you.
* * * LOW HITPOINT WARNING * * *
The ball python constricts you.
* * * LOW HITPOINT WARNING * * *
Unknown command.
You escape the ball python's grasp.
The hobgoblin attacks as you move away! The hobgoblin hits you.
You die...

#.#.....#
#[#####.#
##.#####.#
#........#
####.......##
##)....(....#
##†#####.....#
##.#.....#....#
#..~.hgg.~#...#
#.#~.l†S.~~.#...#
#.#..~gr~~.~..#..#
#.#...~.≈≈~~~~#..
# #...?≈._≈....
#...~.≈≈~~~~#
#..~.~~~.~..#
.#~.~...~~.#.


You could see 3 hobgoblins, a ball python, a frilled lizard and a rat.

Vanquished Creatures
  2 ball pythons (D:1)
  2 bats (D:1)
  3 endoplasms (D:1)
  A hobgoblin (D:1)
  4 kobolds (D:1)
  2 quokkas (D:1)
  2 frilled lizards (D:1)
16 creatures vanquished.

Notes
Turn   | Place    | Note
-------+----------+-------------------------------------------
     0 | D:1      | LeprechaunX the Octopode Shapeshifter began the quest for
                  | the Orb.
     0 | D:1      | Reached XP level 1. HP: 14/14 MP: 1/1
    80 | D:1      | Reached XP level 2. HP: 17/19 MP: 2/2
   243 | D:1      | Found a faded altar of an unknown god.
   252 | D:1      | Slain by a hobgoblin

Illustrated notes

Levels and vault maps discovered:
D:1:      tarquinn_simple_flora_water_d, layout_basic,
          shapermc_ecumenical_altar_starsandcircs

Action                     || total
---------------------------++-------
  Melee: Unarmed           ||    35
         Tentacles         ||     5
         Constrict         ||     8
   Stab: Sleeping          ||     3
 Armour: Skin              ||     6
  Dodge: Dodged            ||    24

Table legend: (Time is in decaauts)
 A = Elapsed time spent in this place.
 B = Non-inter-level travel time spent in this place.
 C = Inter-level travel time spent in this place.
 D = Time resting spent in this place.
 E = Time spent auto-exploring this place.
 F = Levels seen in this place.
 G = Mean time per level.
                   A        B        C        D        E       F      G
               +--------+--------+--------+--------+--------+-----+--------+
         Total |    250 |    250 |      0 |      0 |    170 |   1 |  250.0 |
       Dungeon |    250 |    250 |      0 |      0 |    170 |   1 |  250.0 |
               +--------+--------+--------+--------+--------+-----+--------+

Top non-repeatable levels by time:
     D:1: 250 daAuts
